Map: Simulacrum LE

Players

Maru - Winner!

  • Race: Terran Terran
  • Spawn Location: 11:00

sOs

  • Race: Protoss Protoss
  • Spawn Location: 5:00

Event: IEM Katowice 2020

VOD

Have the link to the VOD?

Description

Time

  • Played on: Feb. 29, 2020, 1:46 p.m.
  • Length: 9:22

All games in this series

Show
View Real Time Build Order
Export as new Build Order

Maru Terran - Winner!

Build Orders: Reaper Expand 

Get SALT Encoding   

  12  0:00  SCV  
  13  0:12  SCV  
  14  0:17  Supply Depot  
  14  0:24  SCV  
  15  0:38  SCV  
  15  0:40  Barracks  
  16  0:43  Refinery  
  16  0:50  SCV  
  17  1:02  SCV  
  18  1:14  SCV  
  19  1:27  Reaper, Orbital Command  
  20  1:46  Command Center  
  20  1:52  SCV  
  21  1:56  Supply Depot  
  21  2:00  Marine  
  22  2:04  SCV  
  23  2:12  Factory  
  23  2:18  SCV  
  23  2:20  Barracks Reactor  
  24  2:23  Bunker  
  24  2:30  SCV  
  24  2:32  Refinery  
  25  2:42  SCV  
  26  2:54  SCV  
  26  2:57  Orbital Command  
  27  2:59  Starport  
  27  3:03  Hellion  
  29  3:06  SCV, Marine  
  29  3:08  Marine  
  32  3:18  SCV  
  33  3:23  SCV  
  33  3:25  Widow Mine  
  33  3:26  Marine  
  33  3:27  Marine  
  37  3:30  SCV  
  39  3:35  SCV  
  39  3:41  Supply Depot, Medivac  
  40  3:42  SCV  
  40  3:47  SCV, Widow Mine  
  46  3:50  Barracks  
  46  4:00  Supply Depot  
  46  4:02  Marine x2, SCV x2  
  49  4:10  Factory Tech Lab  
  49  4:14  SCV x2  
  51  4:20  Starport Tech Lab  
  51  4:23  Barracks  
  49  4:24  Engineering Bay  
  49  4:26  Marine x2, SCV x2  
  49  4:27  Supply Depot  
  49  4:30  Siege Tank  
  56  4:38  Raven  
  56  4:40  SCV x2  
  56  4:43  Marine  
  56  4:44  Marine  
  62  4:52  SCV  
  63  4:53  SCV  
  64  5:03  Siege Tank  
  64  5:04  SCV  
  64  5:05  SCV  
  66  5:07  Marine x2  
  66  5:10  Marine x2  
  58  5:16  SCV  
  58  5:17  SCV  
  59  5:25  Marine  
  60  5:28  SCV  
  60  5:35  SCV  
  62  5:36  Siege Tank  
  61  5:46  Stimpack  
  61  5:51  Marine  
  62  5:57  Marine  
  62  5:58  Marine  
  62  5:59  Supply Depot  
  62  6:02  SCV x2  
  62  6:08  Marine  
  62  6:09  Marine  
  62  6:10  Medivac  
  66  6:14  SCV x2  
  66  6:15  Marine  
  71  6:26  Marine, SCV x2  
  71  6:27  Marine  
  71  6:29  Engineering Bay  
  71  6:33  Marine  
  71  6:35  Command Center  
  71  6:36  Refinery  
  71  6:37  Factory Reactor  
  71  6:38  SCV  
  73  6:41  Supply Depot  
  73  6:44  Marine x2, Marauder  
  77  6:47  Starport Reactor  
  77  6:50  SCV  
  77  6:52  Refinery  
  78  6:55  Supply Depot  
  78  7:01  Terran Infantry Weapons Level 1, Terran Infantry Armor Level 1  
  78  7:02  SCV  
  79  7:09  SCV  
  79  7:14  SCV  
  79  7:15  Marine  
  81  7:16  Marauder x2  
  81  7:21  SCV  
  84  7:26  SCV  
  85  7:31  Viking  
  85  7:33  Barracks  
  85  7:34  Barracks  
  87  7:39  Marine, Marauder x2  
  87  7:42  Combat Shield  
  92  7:47  Orbital Command  
  92  7:52  Supply Depot  
  92  7:56  Widow Mine  
  92  7:57  SCV, Widow Mine  
  92  7:58  SCV  
  98  8:03  Medivac  
  100  8:09  Marine  
  100  8:10  Marine, Marauder x2  
  106  8:13  Supply Depot  
  106  8:17  SCV  
  106  8:18  SCV  
  108  8:20  Orbital Command  
  108  8:23  Barracks Reactor, Barracks Tech Lab  
  108  8:28  Marine  
  108  8:29  Marine, SCV  
  108  8:30  SCV  
  108  8:31  Widow Mine x2  
  108  8:33  Marauder  
  117  8:35  Marauder  
  117  8:45  Marine  
  117  8:46  Marine  
  119  8:51  Marine  
  119  8:52  Supply Depot  
  119  8:54  Marauder  
  122  8:56  Marauder  
  122  9:01  SCV x2  
  121  9:08  SCV  
Show
View Real Time Build Order
Export as new Build Order

sOs Protoss 

Build Orders: 1 Gate Expand, Mass Adepts 

Get SALT Encoding   

  12  0:00  Probe  
  13  0:12  Probe  
  14  0:18  Pylon  
  14  0:24  Probe (Chrono Boost)  
  15  0:36  Probe (Chrono Boost)  
  15  0:38  Gateway  
  16  0:44  Probe (Chrono Boost)  
  16  0:49  Assimilator  
  17  0:52  Probe  
  18  1:04  Probe  
  19  1:16  Probe  
  20  1:25  Cybernetics Core  
  20  1:39  Nexus  
  20  1:43  Pylon  
  20  1:45  Probe  
  20  1:51  Assimilator  
  20  1:57  Probe  
  20  1:58  Adept (Chrono Boost)  
  20  2:00  Warp Gate (Chrono Boost)  
  23  2:09  Probe  
  24  2:21  Probe, Adept  
  27  2:33  Probe  
  28  2:42  Gateway  
  28  2:45  Gateway  
  28  2:48  Probe (Chrono Boost)  
  29  2:53  Probe (Chrono Boost)  
  29  2:57  Twilight Council  
  30  3:04  Probe (Chrono Boost)  
  30  3:05  Probe (Chrono Boost)  
  32  3:09  Adept  
  32  3:12  Probe  
  35  3:15  Probe  
  36  3:24  Probe  
  36  3:26  Resonating Glaives (Chrono Boost)  
  37  3:27  Probe  
  37  3:34  Pylon  
  38  3:48  Adept x3  
  44  3:50  Pylon  
  44  3:51  Probe  
  44  3:52  Probe  
  45  4:09  Adept x3  
  51  4:11  Probe x2  
  51  4:16  Pylon  
  53  4:23  Probe  
  53  4:24  Probe, Robotics Facility  
  55  4:29  Adept x2  
  59  4:31  Adept  
  59  4:36  Pylon  
  61  4:38  Probe  
  62  4:47  Forge  
  62  4:54  Probe, Adept  
  62  4:55  Adept x2  
  62  4:59  Pylon  
  64  5:02  Probe (Chrono Boost)  
  58  5:13  Probe (Chrono Boost)  
  58  5:14  Probe (Chrono Boost)  
  56  5:19  Probe (Chrono Boost)  
  56  5:20  Probe (Chrono Boost)  
  52  5:25  Stalker  
  52  5:31  Probe  
  52  5:34  Stalker  
  52  5:43  Probe (Chrono Boost)  
  52  5:46  Probe (Chrono Boost)  
  53  5:56  Probe (Chrono Boost)  
  53  5:57  Probe (Chrono Boost)  
  55  6:02  Probe  
  48  6:04  Probe, Warp Prism (Chrono Boost)  
  51  6:14  Probe  
  51  6:15  Stalker x2  
  56  6:22  Probe  
  54  6:26  Protoss Ground Weapons Level 1  
  54  6:33  Observer  
  54  6:34  Probe  
  54  6:35  Probe  
  57  6:40  Robotics Bay  
  57  6:45  Assimilator  
  57  6:48  Assimilator  
  57  6:49  Probe (Chrono Boost)  
  59  6:55  Probe (Chrono Boost)  
  59  6:58  Probe (Chrono Boost), Charge  
  60  7:02  Probe (Chrono Boost), Pylon, Sentry  
  60  7:04  Observer  
  64  7:09  Probe  
  64  7:13  Probe  
  66  7:19  Observer  
  64  7:23  Colossus (Chrono Boost)  
  64  7:27  Observer  
  64  7:29  Gateway  
  70  7:30  Gravitic Drive  
  70  7:32  Gateway  
  70  7:40  Probe  
  71  7:53  Nexus  
  71  8:04  Templar Archives, Observer  
  71  8:07  Gateway  
  71  8:08  Gateway  
  71  8:10  Gateway  
  71  8:11  Immortal (Chrono Boost)  
  71  8:17  Probe  
  71  8:18  Probe  
  77  8:27  Zealot x2  
  81  8:30  Zealot  
  83  8:34  Zealot  
  83  8:37  Probe  
  70  8:49  Probe  
  70  8:54  Zealot x2  

Tags
 
Add a new tag
Caveats
  • Supply blocks, unpowered buildings, or Contaminate may cause inaccurate times.
  • Supply counts are checked every 10 seconds.